 Dungeon Crawl Stone Soup version 0.26-a0-1020-ge47f559bc5 (webtiles) character file.

Game seed: 2865272389966411903

617027 Wartorn the Slayer (level 26, -16/259 HPs)
             Began as a Minotaur Berserker on Dec 7, 2020.
             Was an Elder of Trog.
             Killed from afar by a storm dragon (23 damage)
             ... with a bolt of lightning
             ... on level 3 of the Realm of Zot on Dec 8, 2020.
             The game lasted 03:18:47 (91994 turns).

Wartorn the Slayer (Minotaur Berserker)            Turns: 91994, Time: 03:18:48

Health: -16/259    AC: 46    Str: 35    XL:     26   Next: 92%
Magic:  1/19       EV: 25    Int:  4    God:    Trog [****..]
Gold:   4246       SH: 17    Dex: 19    Spells: 25/25 levels left

rFire    + . .     SeeInvis .   N - +8 broad axe of Doomed Courage {vorpal, Fragile Str+4}
rCold    + . .     Faith    +   R - +1 kite shield
rNeg     . . .     Spirit   .   L - +9 scales of the Dragon King {rPois rF+ rC+ Will+}
rPois    +         Reflect  .   Q - +1 hat
rElec    .         Harm     .   z - +2 cloak {Stlth+}
rCorr    .         Rampage  +   w - +1 pair of gloves
Will     +++..                  f - +2 pair of boots of Temperance {rampage, Rampage}
Stlth    ..........             b - amulet "Deugrekao" {Faith Will+ Stlth+}
HPRegen  0.53/turn              q - +4 ring of evasion
MPRegen  0.16/turn              l - +6 ring of strength

@: about to teleport, slowed, constricted, lightly drained, very slow
A: retaliatory headbutt, horns 2, talons 2, low mp 1
}: 3/15 runes: barnacled, silver, gossamer
a: Berserk, Trog's Hand, Brothers in Arms, Renounce Religion


You were on level 3 of the Realm of Zot.
You worshipped Trog.
Trog was greatly pleased with you.
You visited 13 branches of the dungeon, and saw 53 of its levels.
You visited 1 bazaar.
You also visited: Sewer.

You collected 8468 gold pieces.
You spent 4222 gold pieces at shops.

Inventory:

Hand Weapons
 d - a +4 antimagic broad axe
 x - a +4 broad axe of electrocution
 I - a +5 vorpal broad axe
 N - the +8 broad axe of Doomed Courage (weapon) {vorpal, Fragile Str+4}
   (You took it off a deep elf demonologist on level 3 of the Elven Halls)

   It inflicts extra damage upon your enemies.
   It affects your strength (+4).
   It will be destroyed if unequipped.
Armour
 f - the +2 pair of boots of Temperance (worn) {rampage, Rampage}
   (You found it on level 2 of the Spider Nest)

   It bestows one free step when moving towards enemies.
 w - a +1 pair of gloves (worn)
 z - a +2 cloak of stealth (worn)
 L - the +9 scales of the Dragon King (worn) {rPois rF+ rC+ Will+}
   (You found it on level 3 of the Crypt)

   It protects you from fire.
   It protects you from cold.
   It protects you from poison.
   It affects your willpower, your defense against some magical effects.
 Q - a +1 hat (worn)
 R - a +1 kite shield (worn)
Jewellery
 b - the amulet "Deugrekao" (around neck) {Faith Will+ Stlth+}
   (You acquired it on level 1 of the Vaults)

   [amulet of faith]

   It allows you to gain divine favour quickly.
   It affects your willpower, your defense against some magical effects.
   It makes you more stealthy.
 l - a +6 ring of strength (right hand)
 q - a +4 ring of evasion (left hand)
 C - an uncursed ring of positive energy
 G - an uncursed ring of ice
 H - an uncursed amulet of the acrobat {unknown}
 K - a +6 ring of intelligence
 O - the ring of Goddiurch {rPois rN+ SInv}
   (You found it on level 1 of the Elven Halls)

   [ring of positive energy]

   It protects you from poison.
   It protects you from negative energy.
   It lets you see invisible.
 S - an uncursed ring of magical power
Wands
 t - a wand of random effects (3)
 y - a wand of digging (27)
 D - a wand of polymorph (36)
 E - a wand of flame (83)
 J - a wand of iceblast (42)
 U - a wand of acid (48)
Scrolls
 c - 17 scrolls of teleportation
 h - a scroll of silence {unknown}
 k - 24 scrolls of remove curse
 m - 16 scrolls of magic mapping
 n - 5 scrolls of enchant weapon
 o - 14 scrolls of fog
 p - 25 scrolls of identify
 r - 15 scrolls of fear
 M - a scroll of brand weapon
 Y - 3 scrolls of summoning
Potions
 a - a potion of berserk rage {unknown}
 e - 7 potions of flight
 g - 4 potions of cancellation
 j - 17 potions of curing
 s - 6 potions of might
 u - a potion of resistance {unknown}
 v - 4 potions of magic {unknown}
 A - 2 potions of invisibility {unknown}
 F - 9 potions of ambrosia
 P - 3 potions of lignification {unknown}
 Z - 5 potions of haste


   Skills:
 + Level 25.4(24.9) Fighting
 - Level 20.0(19.5) Axes
 + Level 25.3(24.8) Armour
 + Level 23.7(23.1) Dodging
 - Level 15.0(14.5) Shields
 + Level 18.4(17.9) Evocations


You had 25 spell levels left.
You didn't know any spells.
Your spell library was empty.

Dungeon Overview and Level Annotations

Branches:
Dungeon (15/15)            Temple (1/1) D:4            Lair (6/6) D:10
 Shoals (4/4) Lair:2       Spider (4/4) Lair:3        Slime (1/5) Lair:6
    Orc (2/2) D:9             Elf (3/3) Orc:2        Vaults (5/5) D:13
  Crypt (3/3) Vaults:3       Tomb (1/3) Crypt:3      Depths (5/5) D:15
    Zot (3/5) Depths:5      Sewer (visited)

Altars:
Ashenzari
Cheibriados
Dithmenos
Elyvilon
Fedhas
Gozag
Hepliaklqana
Kikubaaqudgha
Makhleb
Nemelex Xobeh
Okawaru
Qazlal
Ru
Sif Muna
Trog
Uskayaw
Vehumet
Wu Jian
Xom
Yredelemnul
Zin
The Shining One

Shops:
D:8 *   D:9 !   D:10 *   Orc:1 ?!*   Orc:2 (}*!?   Elf:1 !   Elf:2 (   Elf:3 !*
Shoals:2 }:=:?   Vaults:1 =}!   Vaults:2 *   Depths:1 =}}

Portals:
Hell: Depths:1 Depths:2 Depths:3 Depths:4 Depths:5
Abyss: Lair:5 Depths:2 Depths:4 Depths:5
Pandemonium: Depths:3
Ziggurat: Depths:4

Annotations:
Zot:1 2 transporters, Adaxemni's ghost, legendary GrFi


Innate Abilities, Weirdness & Mutations

You reflexively headbutt those who attack you in melee.
You have a pair of horns on your head.
You have razor-sharp toenails.
Your magical capacity is low. (-10% MP)


Message History

The tentacled monstrosity constricts you!
The Killer Klown blinks!
The deathcap misses you. You furiously retaliate!
You headbutt the deathcap!
The curse toe gestures.
You slice the storm dragon!!
The storm dragon is almost dead.
You slice the tentacled monstrosity!! You slice something!!
You slice the deathcap!!
You destroy the deathcap!
You hit the storm dragon. You hit the death cob but do no damage.
You hit the golden dragon but do no damage.
The wandering mushroom disappears in a puff of smoke! x2
The deathcap disappears in a puff of smoke!
You block the death cob's attack. The death cob misses you.
You furiously retaliate!
You headbutt the death cob!
You destroy the death cob!
Trog accepts your kill.
The storm dragon breathes lightning at you.
The bolt of lightning hits you!!
You die...

...# .....#
...#.....##
....#.....#
../.?.....
#.f.......
fD§§.....
##D.f..#..
#.@Df.....
#....f{XDf#....
......§ff## .
.....d...#
...z......
#...D....D.
...........
............


You could see a shadow dragon, a tentacled monstrosity, 3 golden dragons, 2
storm dragons, a white draconian, a curse toe, 3 deathcaps and 5 wandering
mushrooms.

Vanquished Creatures
  2 ancient liches
  A royal mummy (Tomb:1)
  Sojobo (Depths:3)
  Frederick (Crypt:2)
  Saint Roka (Vaults:5)
  Bai Suzhen (Elf:3)
  Xtahua (Crypt:1)
  A caustic shrike (Depths:5)
  The ghost of Peloso the Hoplite, an adept MiFi of Okawaru (Elf:3)
  4 golden dragons
  4 bone dragons
  Jory (Depths:4)
  3 electric golems (Zot:1)
  Rupert (Lair:4)
  10 tentacled monstrosities
  2 titans (Vaults:5)
  6 quicksilver dragons
  2 deep elf master archers (Elf:3)
  2 deep elf blademasters
  6 liches
  Polyphemus (Shoals:3)
  2 krakens
  An eldritch tentacle (Vaults:4)
  14 sphinxes
  3 ancient champions (Crypt:2)
  5 storm dragons
  3 death cobs
  11 tengu reavers
  5 shadow dragons
  2 revenants
  Donald (Crypt:1)
  3 draconian monks
  10 fire giants
  7 deep elf sorcerers
  A balrug (Depths:4)
  6 ghost moths
  2 draconian scorchers (Zot:2)
  2 emperor scorpions (Spider:4)
  2 draconian knights (Depths:5)
  3 deep elf elementalists (Elf:3)
  11 frost giants
  2 iron dragons
  16 vault wardens
  Louise (Shoals:1)
  Aizul (Depths:3)
  9 ironheart preservers
  3 orc warlords
  2 spriggan defenders
  3 curse skulls
  10 ghouls
  4 war gargoyles (Vaults:5)
  3 reapers (Crypt:3)
  27 very ugly things
  18 stone giants
  A draconian stormcaller (Zot:2)
  A green draconian (Zot:2)
  3 grey draconians (Zot:1)
  A black draconian (Zot:2)
  An entropy weaver (Spider:3)
  8 deep elf demonologists
  4 deep elf annihilators (Elf:3)
  5 yellow draconians
  A dire elephant (Lair:6)
  3 red draconians
  4 vampire knights
  4 spark wasps
  A white draconian (Zot:2)
  23 ettins
  4 merfolk javelineers
  7 deep elf death magi
  11 eidola
  Snorg (Lair:4)
  6 merfolk impalers
  2 quicksilver dragon zombies (Crypt:3)
  10 fire dragons
  13 yaktaur captains
  7 deep elf high priests
  A crystal guardian (Vaults:4)
  4 jiangshi
  28 vault guards
  Erolcha (D:10)
  22 ogre magi
  7 great orbs of eyes
  8 rakshasas
  A hydra (D:12)
  2 mummy priests (Tomb:1)
  2 quicksilver dragon skeletons (Crypt:3)
  7 ice dragons
  14 boulder beetles
  7 merfolk avatars
  Erica (D:11)
  An anaconda (Lair:6)
  2 catoblepae
  7 merfolk aquamancers
  2 death knights
  60 two-headed ogres
  8 centaur warriors
  A satyr (Shoals:4)
  4 alligator snapping turtles
  2 spriggan air magi
  29 dancing weapons
  4 vampire magi
  Urug (D:13)
  14 death scarabs (Tomb:1)
  13 death yaks
  A tengu warrior (Depths:3)
  10 deep troll earth magi
  9 deep troll shamans
  A titan zombie (Crypt:3)
  5 orc high priests
  A soul eater (Crypt:3)
  17 deep elf knights
  2 sun demons (Depths:4)
  3 hell knights (Depths:4)
  A salamander mystic (Depths:4)
  7 iron trolls
  22 skeletal warriors
  A storm dragon zombie (Crypt:2)
  3 titan skeletons
  A golden dragon zombie (Crypt:3)
  15 sea snakes
  An anaconda zombie (Crypt:3)
  An unseen horror (shapeshifter) (Depths:2)
  2 flayed ghosts
  6 glowing orange brains
  2 bog bodies (Crypt:1)
  8 wizards
  38 deep trolls
  Pikel (D:4)
  28 harpies
  46 deep elf magi
  A wolf spider zombie (D:14)
  An iron dragon zombie (Crypt:3)
  2 lindwurms (Lair:6)
  A harpy (shapeshifter) (Depths:2)
  10 phantasmal warriors
  16 deep elf archers
  27 orc knights
  13 ironbrand convokers
  15 necromancers
  A stone giant zombie (Crypt:3)
  A wolf spider (shapeshifter) (Depths:1)
  37 ugly things
  A draconian (Zot:1)
  33 wolf spiders
  22 orb spiders
  3 salamanders
  2 orc sorcerers
  A shadow dragon skeleton (Crypt:3)
  A manticore (shapeshifter) (Vaults:5)
  17 manticores
  5 cyclopes
  6 moths of wrath
  A cyclops (shapeshifter) (Vaults:2)
  5 fauns
  A sphinx skeleton (Crypt:1)
  A shining eye (Slime:1)
  A worldbinder (Lair:5)
  2 fire giant skeletons
  4 centaur zombies
  A fire giant zombie (Crypt:3)
  An iron dragon skeleton (Crypt:2)
  9 elephants
  A shock serpent zombie (Crypt:2)
  6 merfolk sirens
  2 guardian serpents (shapeshifter)
  2 frost giant skeletons
  A dire elephant zombie (Crypt:3)
  Maurice (D:11)
  A titan simulacrum (Vaults:4)
  5 water nymphs
  2 gargoyles
  6 black mambas
  2 torpor snails
  14 cane toads
  9 vault sentinels
  A cane toad (shapeshifter) (Depths:5)
  An alligator snapping turtle skeleton (Crypt:1)
  A green draconian zombie (Crypt:2)
  An elephant slug zombie (Crypt:1)
  An emperor scorpion zombie (Crypt:2)
  3 rime drakes
  A komodo dragon (shapeshifter) (Vaults:5)
  10 demonic crawlers
  9 freezing wraiths
  8 komodo dragons
  10 hellwings (Crypt:3)
  2 kobold demonologists (D:11)
  62 yaktaurs
  2 iron troll zombies
  A tengu conjurer (Depths:5)
  10 guardian mummies
  A yaktaur skeleton (Vaults:2)
  A black draconian skeleton (Crypt:2)
  A harpy zombie (Crypt:3)
  3 hydra zombies
  9 trolls
  37 jumping spiders
  3 wind drakes
  A tengu simulacrum (Vaults:4)
  14 polar bears
  Grinder (D:6)
  A queen bee (shapeshifter) (Vaults:5)
  A polar bear (shapeshifter) (Vaults:4)
  11 hornets
  25 merfolk
  A wind drake (shapeshifter) (Vaults:4)
  9 dream sheep
  2 ice dragon zombies (Crypt:3)
  A tarantella zombie (Crypt:1)
  18 blink frogs
  14 slime creatures
  2 raiju (Lair:6)
  A stone giant simulacrum (Crypt:2)
  A fire dragon zombie (Crypt:3)
  12 snapping turtles
  A dream sheep (shapeshifter) (Vaults:5)
  A raiju (shapeshifter) (Vaults:4)
  2 ettin zombies
  An alligator skeleton (Crypt:1)
  2 air elementals
  A shadow (D:14)
  An ice dragon skeleton (Crypt:3)
  3 spriggans
  22 water elementals
  A fire dragon skeleton (Crypt:3)
  2 spriggans (shapeshifter)
  5 fire elementals
  37 tarantellas
  An ettin skeleton (Crypt:3)
  84 redbacks
  A black mamba skeleton (Crypt:2)
  3 ushabtiu
  4 wyverns
  A dire elephant simulacrum (Crypt:2)
  A golden eye (Lair:6)
  3 hogs
  90 yaks
  10 wraiths
  5 basilisks
  3 basilisks (shapeshifter)
  A steam dragon (D:11)
  10 humans (D:13)
  9 vampire mosquitoes
  13 wargs
  15 hell hounds (Lair:6)
  A soldier ant (D:13)
  10 water moccasins
  3 acid dragons
  A floating eye (Depths:2)
  A cane toad skeleton (Crypt:3)
  49 orc warriors
  5 sky beasts
  12 black bears
  A hornet zombie (D:15)
  An eye of draining (D:11)
  2 phantoms (D:11)
  2 eyes of draining (shapeshifter)
  12 ice beasts
  18 wolves
  8 necrophages
  52 ogres
  21 centaurs
  A wolf (shapeshifter) (Vaults:1)
  A hog zombie (Crypt:2)
  A swamp dragon skeleton (Tomb:1)
  A rime drake zombie (Crypt:2)
  5 big kobolds
  3 elf zombies
  20 bullfrogs
  A wyvern zombie (D:13)
  2 earth elementals (Elf:3)
  A water moccasin zombie (D:8)
  7 wyvern skeletons
  7 scorpions
  9 killer bees
  An elf simulacrum (Vaults:4)
  21 wights
  3 vampire bats (Orc:2)
  An electric eel (Spider:1)
  A howler monkey (D:9)
  A bullfrog zombie (D:5)
  6 hounds
  7 jellies
  A wolf skeleton (Crypt:1)
  A bullfrog skeleton (D:6)
  33 orc wizards
  A quasit (D:9)
  2 centaur skeletons
  19 orc priests
  4 human zombies
  4 human skeletons
  6 iguanas
  A hell rat (Lair:6)
  11 worker ants
  A killer bee zombie (D:5)
  A deep dwarf zombie (Crypt:2)
  A naga zombie (Crypt:3)
  2 ogre skeletons
  2 mummies
  3 worker ant zombies
  Robin (D:4)
  9 gnolls
  21 adders
  A howler monkey skeleton (D:11)
  2 river rats
  A shadow imp (D:10)
  2 white imps (D:7)
  2 ufetubi (Vaults:1)
  13 oozes
  An iguana zombie (Crypt:1)
  An adder skeleton (D:7)
  7 worms
  2 dart slugs (D:2)
  5 leopard geckos
  103 orcs
  5 ball pythons
  15 bats
  5 giant cockroaches
  18 goblins
  13 hobgoblins
  4 jackals (D:9)
  4 quokkas
  6 frilled lizards
  A giant cockroach zombie (D:6)
  18 kobolds
  An orc skeleton (D:7)
  A quokka zombie (D:8)
  12 rats
  A river rat zombie (Crypt:2)
  2 crawling corpses (Elf:3)
  A plant (Depths:4)
  4 tentacles
  A withered plant (Crypt:3)
2446 creatures vanquished.

Vanquished Creatures (collateral kills)
  Mara (Shoals:4)
  Mennas (Vaults:4)
  2 caustic shrikes (Depths:5)
  2 golden dragons
  Arachne (Spider:4)
  the Enchantress (Depths:2)
  A tentacled monstrosity (Depths:2)
  2 titans
  A deep elf blademaster (Elf:3)
  A quicksilver dragon (Zot:1)
  Gastronok (Lair:2)
  2 shadow dragons
  Kirke (Lair:6)
  A vault warden (Vaults:5)
  A draconian knight (Zot:2)
  A frost giant (Depths:4)
  A curse skull (Crypt:2)
  2 spriggan defenders (Depths:2)
  A reaper (Crypt:3)
  2 stone giants
  A war gargoyle (Vaults:3)
  3 very ugly things
  2 spark wasps
  A deep elf annihilator (Elf:3)
  The ghost of Ezife the Geomancer, a journeyman GrEE of Vehumet (Lair:5)
  2 deep elf death magi (Crypt:3)
  A mummy priest (Crypt:3)
  2 yaktaur captains
  An ice dragon (Depths:5)
  4 hydras
  Fannar (D:10)
  A vault guard (Vaults:5)
  3 spriggan air magi
  3 boulder beetles (Spider:2)
  A centaur warrior (Vaults:2)
  2 two-headed ogres
  2 deep troll shamans
  A death yak (Lair:6)
  A deep troll earth mage (Depths:4)
  A tengu warrior (Depths:5)
  4 spriggan berserkers (Depths:2)
  A deep elf knight (Vaults:4)
  A soul eater (Crypt:3)
  A skeletal warrior (Crypt:2)
  4 deep trolls
  A glowing orange brain (Depths:4)
  3 necromancers
  A golden dragon skeleton (Crypt:3)
  A harpy (shapeshifter) (Depths:2)
  2 deep elf magi (Elf:1)
  2 ugly things
  A salamander (shapeshifter) (Depths:5)
  A salamander (Depths:4)
  An orc sorcerer (Elf:1)
  A moth of wrath (Zot:1)
  A black mamba (Lair:2)
  A cane toad (Lair:4)
  A yaktaur (Depths:5)
  3 hellwings (Crypt:3)
  2 trolls (Orc:1)
  A polar bear (Lair:6)
  A raiju (Lair:5)
  A hydra skeleton (Crypt:3)
  2 water elementals
  A spriggan (Depths:2)
  A ynoxinul (Lair:5)
  A black mamba skeleton (Crypt:3)
  A yak (shapeshifter) (Depths:3)
  A golden eye (Lair:6)
  A human (shapeshifter) (Vaults:4)
  A basilisk (Lair:2)
  A merfolk skeleton (Crypt:2)
  A black bear (Lair:4)
  2 orc warriors
  A snapping turtle skeleton (Crypt:3)
  A hound (D:11)
  An orc (Vaults:2)
  A kobold (D:11)
113 creatures vanquished.

Vanquished Creatures (others)
  A draconian monk (Zot:2)
  A ghost moth (Spider:4)
  3 fire giants
  A purple draconian (Zot:2)
  A yaktaur captain (Vaults:5)
  A hydra (Lair:6)
  An ogre mage (D:12)
  A jumping spider (Spider:4)
  A water elemental (Elf:1)
  2 orc warriors
  An orc priest (Elf:1)
  49 fungi
  81 plants
  6 tentacles
  28 withered plants (Crypt:3)
178 creatures vanquished.

Grand Total: 2737 creatures vanquished

Notes
Turn   | Place    | Note
-------+----------+-------------------------------------------
     0 | D:1      | Wartorn the Minotaur Berserker began the quest for the Orb.
     0 | D:1      | Reached XP level 1. HP: 19/19 MP: 0/0
   416 | D:1      | Reached XP level 2. HP: 18/27 MP: 1/1
   922 | D:1      | Reached ** piety under Trog
  1108 | D:1      | Reached XP level 3. HP: 32/33 MP: 2/2
  1920 | D:2      | Reached XP level 4. HP: 40/40 MP: 3/3
  2921 | D:3      | Reached skill level 5 in Axes
  2924 | D:3      | Reached XP level 5. HP: 18/47 MP: 0/4
  3218 | D:3      | Found a glowing drain.
  3222 | Sewer    | Entered a sewer
  4767 | Sewer    | Reached XP level 6. HP: 55/55 MP: 5/5
  4775 | Sewer    | Reached *** piety under Trog
  4833 | Sewer    | Reached skill level 5 in Fighting
  6222 | D:4      | Found a shimmering altar of Xom.
  6350 | D:4      | Noticed Pikel
  6356 | D:4      | Killed Pikel
  6357 | D:4      | Reached skill level 5 in Armour
  6357 | D:4      | Reached XP level 7. HP: 63/63 MP: 4/6
  6467 | D:4      | Reached skill level 5 in Dodging
  6467 | D:4      | Reached XP level 8. HP: 57/70 MP: 5/7
  6559 | D:4      | Found a staircase to the Ecumenical Temple.
  6652 | D:4      | Noticed Robin
  6664 | D:4      | Reached **** piety under Trog
  6665 | D:4      | Killed Robin
  7062 | Temple   | Entered the Ecumenical Temple
  7217 | D:5      | Entered Level 5 of the Dungeon
  7328 | D:5      | Found a radiant altar of Vehumet.
  7742 | D:5      | Found an opulent altar of Gozag.
  7970 | D:6      | Found a stormy altar of Qazlal.
  8335 | D:6      | Noticed Grinder
  8341 | D:6      | Paralysed by Grinder for 6 turns
  8357 | D:6      | Killed Grinder
  8358 | D:6      | Reached XP level 9. HP: 47/79 MP: 5/8
  8790 | D:6      | Reached skill level 10 in Axes
  9221 | D:7      | Found a sparkling altar of Nemelex Xobeh.
  9556 | D:7      | Reached ***** piety under Trog
  9808 | D:7      | Noticed a green ugly thing
  9827 | D:7      | Killed a green ugly thing
  9845 | D:7      | Reached XP level 10. HP: 71/90 MP: 7/9
  9977 | D:7      | Identified a +2 pair of boots of running (You found it on
                  | level 7 of the Dungeon)
  9986 | D:7      | Identified the Catalogue of Stones and Shape Shifting
 10285 | D:7      | Found a basalt altar of Yredelemnul.
 10844 | D:8      | Found Gepegh's General Store.
 11210 | D:8      | Noticed a moth of wrath
 11213 | D:8      | Found a bloodstained altar of Trog.
 11430 | D:9      | Found a radiant altar of Vehumet.
 11461 | D:9      | Received a gift from Trog
 11705 | D:9      | Reached XP level 11. HP: 99/99 MP: 10/10
 11720 | D:9      | Found Axtoj's Distillery.
 11723 | D:9      | Bought a potion of curing for 36 gold pieces
 11878 | D:9      | Found a staircase to the Orcish Mines.
 11926 | D:10     | Entered Level 10 of the Dungeon
 11990 | D:10     | Reached skill level 10 in Fighting
 12208 | D:10     | Found a staircase to the Lair.
 12265 | D:10     | Reached skill level 1 in Shields
 12411 | D:10     | Noticed Fannar
 12424 | D:10     | Killed Fannar
 12715 | D:10     | Found Xusteniq's Serpentskin Sales.
 12877 | D:10     | Noticed Erolcha
 12883 | D:10     | Killed Erolcha
 12884 | D:10     | Reached skill level 10 in Armour
 13306 | D:10     | Noticed a two-headed ogre
 13314 | D:10     | Killed a two-headed ogre
 13460 | D:11     | Noticed Maurice
 13481 | D:11     | Killed Maurice
 13523 | D:11     | Received a gift from Trog
 13541 | D:11     | Noticed Erica
 13576 | D:11     | Killed Erica
 14284 | D:11     | Gained mutation: Your magical capacity is low. (-10% MP) [a
                  | neqoxec]
 14290 | D:11     | Reached XP level 12. HP: 100/108 MP: 9/9
 15093 | D:12     | Noticed a boulder beetle
 15119 | D:12     | Killed a boulder beetle
 15120 | D:12     | Reached skill level 10 in Dodging
 15426 | Orc:1    | Entered Level 1 of the Orcish Mines
 15429 | Orc:1    | Found Megyd's Distillery.
 15493 | Orc:1    | Found Umnud's Assorted Antiques.
 15504 | Orc:1    | Bought a potion of heal wounds for 70 gold pieces
 15517 | Orc:1    | Found Rufy's Magic Scroll Shoppe.
 15525 | Orc:1    | Bought a runed cloak for 195 gold pieces
 15552 | Orc:1    | Bought a scroll of enchant weapon for 90 gold pieces
 15633 | Orc:2    | Entered Level 2 of the Orcish Mines
 15633 | Orc:2    | Found Tuenu's General Store.
 15633 | Orc:2    | Noticed a two-headed ogre
 15633 | Orc:2    | Noticed a two-headed ogre
 15633 | Orc:2    | Noticed an ogre mage
 15633 | Orc:2    | Noticed a two-headed ogre
 15633 | Orc:2    | Noticed a two-headed ogre
 15640 | Orc:2    | Noticed an ettin
 15640 | Orc:2    | Noticed a two-headed ogre
 15640 | Orc:2    | Noticed a two-headed ogre
 15651 | Orc:1    | Killed a two-headed ogre
 16030 | Lair:1   | Entered Level 1 of the Lair of Beasts
 16040 | Lair:1   | Reached skill level 15 in Axes
 16043 | Lair:1   | Reached skill level 5 in Shields
 16463 | Lair:1   | Found a burning altar of Makhleb.
 16600 | Lair:1   | Received a gift from Trog
 17094 | Lair:1   | Reached ****** piety under Trog
 17741 | Lair:2   | Noticed an eight-headed hydra
 17746 | Lair:2   | Killed an eight-headed hydra
 17844 | Lair:2   | Noticed Gastronok
 17851 | Lair:2   | Killed Gastronok
 17852 | Lair:2   | Reached XP level 13. HP: 94/118 MP: 7/10
 18356 | Lair:2   | Found a staircase to the Shoals.
 19499 | Lair:3   | Found a hole to the Spider Nest.
 20174 | Lair:4   | Noticed Rupert
 20710 | Lair:3   | Received a gift from Trog
 21255 | Lair:4   | Killed Rupert
 21263 | Lair:4   | Noticed Snorg
 21276 | Lair:4   | Killed Snorg
 22534 | Lair:5   | Reached XP level 14. HP: 100/127 MP: 9/11
 22697 | Lair:5   | Noticed Ezife's ghost (journeyman GrEE)
 22703 | Lair:5   | Found a transporter.
 23088 | Lair:5   | Found a transporter.
 23088 | Lair:5   | Found a one-way gate to the infinite horrors of the Abyss.
 23340 | Lair:5   | Killed Ezife's ghost
 23588 | Lair:6   | Entered Level 6 of the Lair of Beasts
 23821 | Lair:6   | Noticed Kirke
 24770 | Lair:6   | Found a staircase to the Slime Pits.
 25326 | Lair:6   | Identified the +5 glaive of Misery {vamp, WL+}
 25768 | D:12     | Paralysed by an ogre mage for 6 turns
 26933 | D:12     | Found the +12 glaive of Prune {vorpal}
 27306 | D:13     | Received a gift from Trog
 27629 | D:13     | Noticed Urug
 27647 | D:13     | Killed Urug
 27648 | D:13     | Reached skill level 10 in Shields
 27741 | D:13     | Reached XP level 15. HP: 125/137 MP: 12/12
 27970 | D:13     | Found a gate to the Vaults.
 29603 | D:15     | Entered Level 15 of the Dungeon
 30519 | D:15     | Found a staircase to the Depths.
 30527 | D:15     | Received a gift from Trog
 31117 | Lair:6   | Reached skill level 1 in Evocations
 31211 | Lair:6   | Killed Kirke
 33827 | Orc:2    | Found Hygiufo's Gadget Shoppe.
 33829 | Orc:2    | Found Pojaexka's Distillery.
 33832 | Orc:2    | Received a gift from Trog
 33833 | Orc:2    | Reached XP level 16. HP: 136/147 MP: 13/13
 33833 | Orc:2    | Found Zaistreag's Magic Scroll Emporium.
 34008 | Orc:2    | Bought a potion of heal wounds for 70 gold pieces
 34013 | Orc:2    | Bought a scroll of blinking for 105 gold pieces
 34013 | Orc:2    | Bought a scroll of blinking for 105 gold pieces
 34013 | Orc:2    | Bought a scroll of enchant weapon for 105 gold pieces
 34130 | Orc:2    | Found a staircase to the Elven Halls.
 34347 | Orc:2    | Found Curag's Antique Weapon Emporium.
 34573 | Elf:1    | Entered Level 1 of the Elven Halls
 35783 | Elf:1    | Found Zeithroint's Distillery.
 35797 | Elf:1    | Bought a potion of heal wounds for 60 gold pieces
 36013 | Elf:1    | Got a bound platinum ring
 36015 | Elf:1    | Identified the ring of Goddiurch {rPois rN+ SInv} (You
                  | found it on level 1 of the Elven Halls)
 36827 | Elf:1    | Reached skill level 15 in Fighting
 37418 | Elf:1    | Found a runed translucent gate.
 37418 | Elf:1    | Found a runed translucent gate.
 37418 | Elf:1    | Found a runed translucent gate.
 37418 | Elf:1    | Found a runed translucent gate.
 37418 | Elf:1    | Found a runed translucent gate.
 37419 | Elf:1    | Noticed a storm dragon
 37420 | Elf:1    | Found a runed translucent gate.
 37966 | Depths:1 | Entered Level 1 of the Depths
 38102 | Depths:1 | Noticed a sphinx
 38221 | Depths:1 | Paralysed by a sphinx for 5 turns
 38741 | Spider:1 | Entered Level 1 of the Spider Nest
 38768 | Spider:1 | Received a gift from Trog
 38961 | Spider:1 | Reached skill level 15 in Armour
 41412 | Spider:2 | Reached skill level 5 in Evocations
 41478 | Spider:2 | Found a transporter.
 41484 | Spider:2 | Found a transporter.
 41598 | Spider:2 | Reached XP level 17. HP: 156/156 MP: 14/14
 41616 | Spider:2 | Got the +2 pair of boots of Temperance {rampage, Rampage}
 42089 | Spider:2 | Received a gift from Trog
 43357 | Spider:4 | Entered Level 4 of the Spider Nest
 44317 | Spider:4 | Noticed Arachne
 44326 | Spider:4 | Killed Arachne
 44459 | Spider:4 | Received a gift from Trog
 45588 | Spider:4 | Reached skill level 15 in Shields
 46092 | Spider:4 | Got a gossamer rune of Zot
 46442 | Slime:1  | Entered Level 1 of the Pits of Slime
 46442 | Slime:1  | Noticed an acid blob
 46452 | Slime:1  | Gained mutation: You have sharp toenails. [a shining eye]
 47254 | Depths:1 | Found Wythrior's Jewellery Boutique.
 47254 | Depths:1 | Found Woari's Gadget Shoppe.
 47255 | Depths:1 | Found Luvvyol's Gadget Shoppe.
 47262 | Depths:1 | Bought a +6 ring of strength for 994 gold pieces
 47262 | Depths:1 | Bought a +4 ring of evasion for 612 gold pieces
 47431 | Depths:1 | Paralysed by an ogre mage for 4 turns
 47953 | Depths:1 | Reached XP level 18. HP: 167/167 MP: 15/15
 47969 | Depths:1 | Reached skill level 15 in Dodging
 48097 | Depths:1 | Received a gift from Trog
 48529 | Depths:1 | Found a gateway to Hell.
 48606 | Depths:1 | Found a runed translucent door.
 49630 | Vaults:1 | Entered Level 1 of the Vaults
 50478 | Vaults:1 | Found Uxounicibi's Jewellery Shop.
 50629 | Vaults:1 | Found Xearexog's Distillery.
 50638 | Vaults:1 | Bought a potion of haste for 160 gold pieces
 50641 | Vaults:1 | Identified a scroll of acquirement
 50652 | Vaults:1 | Acquired the amulet "Deugrekao" {Faith WL+ Stlth+}
 50683 | Vaults:1 | Found Ulihampu's Gadget Shoppe.
 51097 | Vaults:1 | Received a gift from Trog
 51414 | Vaults:2 | Reached XP level 19. HP: 177/177 MP: 16/16
 52327 | Vaults:2 | Received a gift from Trog
 52798 | Vaults:2 | Found Kowk's General Store.
 52971 | Vaults:2 | Bought a scroll of enchant weapon for 150 gold pieces
 52971 | Vaults:2 | Bought a scroll of enchant weapon for 150 gold pieces
 52971 | Vaults:2 | Bought a scroll of brand weapon for 400 gold pieces
 53381 | Spider:4 | Reached skill level 10 in Evocations
 54024 | Depths:2 | Noticed the Enchantress
 54042 | Depths:2 | Killed the Enchantress
 54049 | Depths:2 | Received a gift from Trog
 55538 | Depths:2 | Reached XP level 20. HP: 107/189 MP: 17/17
 55834 | Depths:2 | Received a gift from Trog
 55953 | Depths:2 | Got a warped war axe {god gift}
 56093 | Depths:2 | Identified the +5 war axe "Beimacill" {antimagic, rC+++
                  | Str-4 Int+3} (Trog gifted it to you on level 2 of the
                  | Depths)
 57219 | Depths:3 | Received a gift from Trog
 57589 | Depths:3 | Noticed a golden dragon
 57599 | Depths:3 | Killed a golden dragon
 57718 | Depths:3 | You fall into a shaft and drop 1 floor!
 57885 | Depths:4 | Paralysed by a vampire knight for 4 turns
 58255 | Depths:3 | Noticed Sojobo
 58264 | Depths:3 | Received a gift from Trog
 58266 | Depths:3 | Killed Sojobo
 58394 | Depths:3 | Reached XP level 21. HP: 200/200 MP: 5/17
 58854 | Depths:3 | Found a one-way gate leading to the halls of Pandemonium.
 58870 | Depths:3 | Noticed Aizul
 58886 | Depths:3 | Killed Aizul
 59385 | Depths:3 | Noticed a golden dragon
 61516 | Vaults:3 | Received a gift from Trog
 62006 | Vaults:3 | Found a staircase to the Crypt.
 62857 | Vaults:4 | Received a gift from Trog
 63231 | Vaults:4 | Noticed Mennas
 63272 | Vaults:4 | Killed Mennas
 63552 | Vaults:4 | Reached XP level 22. HP: 206/211 MP: 6/18
 65294 | Elf:2    | Found Jikoy's Weapon Shoppe.
 65658 | Elf:2    | Found a runed translucent gate.
 65658 | Elf:2    | Found a runed translucent gate.
 65659 | Elf:2    | Found a runed translucent gate.
 65802 | Elf:2    | Received a gift from Trog
 66937 | Depths:3 | Killed a golden dragon
 67688 | Depths:4 | Received a gift from Trog
 67711 | Depths:4 | Identified the +6 war axe "Qaproy" {venom, *Slow MP+9 Str+5
                  | SInv}
 67821 | Depths:4 | Found a gateway to a ziggurat.
 68086 | Depths:4 | Noticed Jory
 68110 | Depths:4 | Killed Jory
 69129 | Depths:5 | Entered Level 5 of the Depths
 69140 | Depths:5 | Noticed a caustic shrike
 69143 | Depths:5 | Noticed a caustic shrike
 69145 | Depths:5 | Noticed a caustic shrike
 69150 | Depths:5 | Killed a caustic shrike
 69158 | Depths:5 | Killed a caustic shrike
 69162 | Depths:5 | Killed a caustic shrike
 69300 | Depths:5 | Noticed a golden dragon
 69525 | Depths:5 | Reached XP level 23. HP: 206/222 MP: 19/19
 69552 | Depths:5 | Found a flickering gateway to a bazaar.
 69563 | Bazaar   | Entered a bazaar
 69626 | Bazaar   | Found Uwuna's Antique Weapon Emporium.
 69641 | Bazaar   | Found Noq Jaf's General Store.
 69641 | Bazaar   | Found Kihoh's Antique Armour Emporium.
 69645 | Bazaar   | Bought a scroll of teleportation for 48 gold pieces
 69651 | Bazaar   | Bought a runed scarf for 208 gold pieces
 69662 | Bazaar   | Found Vaekun's Weapon Emporium.
 70943 | Depths:5 | Found a gate to the Realm of Zot.
 72460 | Elf:3    | Entered Level 3 of the Elven Halls
 72476 | Elf:3    | Noticed Bai Suzhen
 72520 | Elf:3    | Killed Bai Suzhen
 72822 | Elf:3    | Found a runed translucent gate.
 72822 | Elf:3    | Found a runed translucent gate.
 72823 | Elf:3    | Found a runed translucent gate.
 72823 | Elf:3    | Noticed Peloso's ghost (adept MiFi)
 73300 | Elf:3    | Found Qulikh's General Store.
 73305 | Elf:3    | Found Buohoac's Distillery.
 73308 | Elf:3    | Bought a scroll of brand weapon for 360 gold pieces
 73312 | Elf:3    | Bought a potion of heal wounds for 95 gold pieces
 73312 | Elf:3    | Bought a potion of heal wounds for 95 gold pieces
 74308 | Elf:3    | Reached skill level 15 in Evocations
 74386 | Elf:3    | Received a gift from Trog
 74701 | Elf:3    | Identified the cursed +2 mace "Zuement" {vorpal, rElec
                  | rPois WL+ Dex-5}
 74825 | Elf:3    | Identified the +8 broad axe of Doomed Courage {vorpal,
                  | Fragile Str+4}
 74831 | Elf:3    | Identified the +8 battleaxe of Distraction {vorpal, +Inv
                  | rN+ Int+4 SInv}
 74831 | Elf:3    | Identified the +1 leather armour of the Elephant {WL+ Int+5
                  | Slay+3}
 74866 | Elf:3    | Identified the cursed +3 morningstar of Eternal Vigilance
                  | {vamp, rPois rN+ WL+ Int-4}
 75118 | Elf:3    | Identified the Grimoire of Entrancing Calling
 75397 | Elf:3    | Upgraded the game from 0.26-a0-1012-gedcf9b2963 to
                  | 0.26-a0-1020-ge47f559bc5
 75831 | Vaults:5 | Entered Level 5 of the Vaults
 75987 | Vaults:5 | Reached XP level 24. HP: 136/233 MP: 19/19
 76010 | Vaults:5 | Noticed Saint Roka
 76405 | Vaults:5 | Killed Saint Roka
 76769 | Vaults:5 | Received a gift from Trog
 76854 | Vaults:5 | Got a silver rune of Zot
 77788 | Vaults:5 | Received a gift from Trog
 78530 | Shoals:1 | Entered Level 1 of the Shoals
 78691 | Shoals:1 | Noticed Louise
 78715 | Shoals:1 | Killed Louise
 79633 | Shoals:2 | Found Solowner's Book Shoppe.
 79757 | Shoals:2 | Found Bead Baluo's Book Shoppe.
 79832 | Shoals:2 | Found Coisupt's Jewellery Shoppe.
 79866 | Shoals:2 | Found Yviasepp's Magic Scroll Boutique.
 79879 | Shoals:2 | Bought a scroll of enchant weapon for 90 gold pieces
 79879 | Shoals:2 | Bought a scroll of identify for 24 gold pieces
 79997 | Shoals:2 | Found Kiatom's Gadget Shop.
 80462 | Shoals:3 | Received a gift from Trog
 80566 | Shoals:3 | Noticed Polyphemus
 80590 | Shoals:3 | Killed Polyphemus
 81137 | Shoals:4 | Entered Level 4 of the Shoals
 81256 | Shoals:4 | Reached XP level 25. HP: 233/244 MP: 19/19
 81575 | Shoals:4 | Noticed Mara
 81607 | Shoals:4 | Killed Mara
 82261 | Shoals:4 | Received a gift from Trog
 82357 | Shoals:4 | Got a barnacled rune of Zot
 82888 | Elf:3    | Killed Peloso's ghost
 83280 | Slime:1  | Gained mutation: You have razor-sharp toenails. [a shining
                  | eye]
 83938 | Crypt:1  | Entered Level 1 of the Crypt
 84114 | Crypt:1  | Noticed Donald
 84128 | Crypt:1  | Killed Donald
 84148 | Crypt:1  | Acquired the -3 kite shield "Diat" {Regen+ Str+7 Dex+3
                  | Slay-4}
 84277 | Crypt:1  | HP: 9/245 [??? (6)]
 84716 | Crypt:1  | Noticed Xtahua
 84722 | Crypt:1  | Killed Xtahua
 85184 | Crypt:2  | Noticed Frederick
 85197 | Crypt:2  | Killed Frederick
 85913 | Crypt:3  | Entered Level 3 of the Crypt
 86295 | Crypt:3  | Received a gift from Trog
 86460 | Crypt:3  | Found an ancient bone altar of Kikubaaqudgha.
 86572 | Crypt:3  | Noticed an ancient lich
 86580 | Crypt:3  | Killed an ancient lich
 86616 | Crypt:3  | Reached XP level 26. HP: 251/256 MP: 19/19
 86624 | Crypt:3  | Received a gift from Trog
 87393 | Crypt:3  | Found a staircase to the Tomb.
 87938 | Crypt:3  | HP: 12/255 [??? (10)]
 88294 | Crypt:3  | Found the +9 scales of the Dragon King {rPois rF+ rC+
                  | Will+}
 88429 | Tomb:1   | Entered Level 1 of the Tomb of the Ancients
 89118 | Tomb:1   | Noticed a royal mummy
 89466 | Tomb:1   | Killed a royal mummy
 89570 | Tomb:1   | Noticed a royal mummy
 90486 | Zot:1    | Entered Level 1 of the Realm of Zot
 90611 | Zot:1    | Noticed an ancient lich
 90619 | Zot:1    | Killed an ancient lich
 91442 | Zot:1    | Found a transporter.
 91456 | Zot:1    | Identified the cursed +1 battleaxe of Dishonour {distort,
                  | rElec rC++ Str+2 Dex-2}
 91502 | Zot:1    | Found a transporter.
 91537 | Zot:1    | Noticed Adaxemni's ghost (legendary GrFi)
 91993 | Zot:3    | HP: 6/259 [tentacled monstrosity (9)]
 91994 | Zot:3    | Killed from afar by a storm dragon

Illustrated notes

Levels and vault maps discovered:
D:1:      dpeg_arrival_oval, layout_basic
D:2:      layout_basic
D:3:      layout_basic, gup_sewer_entry_bowl, minmay_misc_feat_square
D:4:      layout_loops_ring, lemuel_round_altar,
          minmay_temple_entry_stoned_glass, nicolae_ossuary_entry_plus,
          uniq_pikel, uniq_robin
D:5:      layout_rooms, marbit_many_paths,
          nicolae_gozag_cash_rules_everything_around_me
D:6:      layout_rooms, nicolae_qazlal_general_emergency, nrook_uturn,
          uniq_grinder
D:7:      minmay_the_grid_triangle_9x9_rhombus_full
          [minmay_the_grid_triangle_9x9_minimal,
          minmay_the_grid_triangle_9x9_semitri,
          minmay_the_grid_triangle_9x9_swiss_cheese,
          minmay_the_grid_triangle_9x9_intruding_spiral,
          minmay_the_grid_triangle_9x9_sparse_checkered,
          minmay_the_grid_triangle_9x9_alien,
          minmay_the_grid_triangle_9x9_corruption,
          minmay_the_grid_triangle_9x9_prize_center], layout_loops_ring,
          lemuel_mausoleum_altar_yredelemnul, nemelex_diamond_rough_becter
D:8:      layout_basic, tgw_trog, serial_shops, nicolae_shop_trees
D:9:      layout_rooms, orc_0_dummy, basic_altar, serial_shops,
          nicolae_shop_behind_doors
D:10:     layout_grid_maze, lair_entry_dummy, guppyfry_shop_venom, uniq_fannar,
          uniq_erolcha
D:11:     layout_layer_cave, uniq_maurice, uniq_erica
D:12:     layout_basic, minmay_guarded_unrand_prune
D:13:     lemuel_ice_spiral_2, layout_stronghold, ximxim_vaults_locker_room,
          sword_in_stone
D:14:     layout_basic, kennysheep_crisscross
D:15:     grunt_enter_depths_snipers, layout_loops_ring, serial_glass,
          glass_columns_a, glass_columns_a, minmay_misc_feat_four_crosses
Temple:   eino_temple_rhombus
Lair:1:   layout_misc_corridors, portal_ice_cave_entry_ice_beasts, basic_altar
Lair:2:   layout_misc_corridors, elwin_shoals_entry_rocks, uniq_gastronok
Lair:3:   layout_regular_city, nicolae_spider_entry_orb_guardian,
          grunt_megastairs_3
Lair:4:   layout_gridlike, serial_bayou_crossing, uniq_rupert, uniq_snorg
Lair:5:   layout_roguey, gammafunk_ghost_abyssal_escape, beast_lair_carwin_2
Lair:6:   hangedman_lair_in_review, layout_regular_city,
          hangedman_lair_caniforms_friends, nicolae_slime_entry_slimehenge,
          hibernation_bobbens, uniq_kirke
Shoals:1: layout_shoals, st_sunken_huts, uniq_louise
Shoals:2: layout_shoals, serial_shops, nicolae_shop_trees, shop,
          nicolae_shop_behind_doors, nicolae_shop_statue_plus,
          nicolae_shop_waterfront
Shoals:3: layout_shoals, uniq_polyphemus, uniq_ilsuiw
Shoals:4: shoals_end_hangedman, layout_shoals, nicolae_shoals_wave_tunnel,
          uniq_mara
Spider:1: layout_spider_delve, hangedman_spider_mandibles
Spider:2: gammafunk_boulding_lane
Spider:3: layout_spider_delve
Spider:4: grunt_spider_rune_parallel, drop_trap, uniq_arachne
Slime:1:  layout_caves
Orc:1:    layout_caves, serial_shops, shop_scrolls,
          nicolae_shop_overgrown_old_shop, shop,
          nicolae_shop_competitors_out_of_business
Orc:2:    st_orc_open, layout_caves, serial_shops, shop_statue, roderic_batcave
Elf:1:    layout_geoelf_diagonals, serial_shops, nicolae_shop_statue_plus,
          special_room [special_room_orc], kennysheep_underground_church,
          orc_legates
Elf:2:    layout_loops_cross, serial_shops, shop
Elf:3:    elf_hall, layout_loops_corners, ebering_ghost_rock_garden,
          minmay_shop_star, uniq_bai_suzhen
Vaults:1: vaults_mumra_chevron, vaults_dpeg_diagonal, v_pattern_1,
          hangedman_vaults_cutoff, v_misc_5, v_alt_pattern_1, serial_ice_h,
          layout_vaults_omnigrid, serial_shops, shop,
          nicolae_shop_temple_entry_statues_fountains,
          nicolae_shop_window_shopping
Vaults:2: vaults_dpeg_spiral, v_misc_31, v_alt_pattern_3,
          nicolae_vaults_hallways_thing, v_misc_10, v_misc_15,
          nicolae_vaults_network_periphery, vaults_room_pool,
          hangedman_vaults_snaps, ontoclasm_vaults_shuriken, layout_vaults_maze,
          serial_shops, nicolae_shop_trees
Vaults:3: v_misc_16, vaults_standard_mumra_enter_the_diamond, st_star,
          minmay_crypt_entry_nasty_monster, v_misc_27,
          nicolae_vaults_little_squares_2, ontoclasm_vaults_chip,
          grunt_vaults_twisty, vaults_room_pools, ontoclasm_vaults_eye,
          ontoclasm_vaults_claustrophobia, nicolae_vaults_what_the_h,
          nicolae_vaults_ring_of_whatevers, v_misc_13, vaults_room_hallway,
          layout_vaults_omnibox
Vaults:4: nicolae_vaults_rhombus_7, v_pattern_3, v_misc_11, v_misc_27,
          hangedman_vaults_capsules, v_alt_pattern_6, v_misc_11,
          ontoclasm_vaults_decontamination, v_misc_13, ontoclasm_vaults_tryst,
          layout_vaults_omnicross, uniq_mennas
Vaults:5: uniq_saint_roka
Crypt:1:  layout_regular_city, grunt_crypt_arrival_webbed, uniq_donald,
          uniq_xtahua
Crypt:2:  layout_rooms, nicolae_crypt_cryptocurrency, small_statue_intersection,
          grunt_megastairs_4, uniq_frederick
Crypt:3:  evilmike_haunted_forest
Tomb:1
Depths:1: layout_big_octagon, patterned_corridor, hell_entry,
          minmay_hidden_floor, firewood_loft, minmay_shop_grove
Depths:2: grunt_runaround [grunt_runaround_doors_1, grunt_runaround_doors_2,
          grunt_runaround_doors_3, grunt_runaround_doors_4,
          grunt_runaround_loot], abyss_entry, hell_entry, uniq_enchantress
Depths:3: hangedman_stitches_corridor, layout_basic, pf_hell_entry_tar_spiral,
          kennysheep_donut, pan_entry, infiniplex_staircase_zigzag_2,
          uniq_sojobo, uniq_aizul
Depths:4: cheibrodos_lost_city_excavation, layout_cave_shapes, enter_ziggurat_b,
          serial_bayou, serial_bayou_pond_b, serial_bayou_shore_b,
          serial_bayou_lake_a, serial_bayou_shore_b,
          nicolae_abyss_entry_one_way_or_another, lightli_too_deep,
          infiniplex_staircase_pool_lava, uniq_jory
Depths:5: evilmike_zot_entry_round, layout_cave_pools, serial_shops,
          bzr_entry_dummy, grunt_hell_entry_dis_mu, serial_bayou_pond_a,
          abyss_entry, minmay_statues_item, minmay_orc_keep
Zot:1:    ebering_greatest_show_in_zot, layout_onion_interference,
          gammafunk_ghost_abyssal_escape
Zot:2:    layout_misc_corridors, hangedman_zot_decor_scrapings
Zot:3:    layout_misc_corridors

Skill      XL: |  1  2  3  4  5  6  7  8  9 10 11 12 13 14 15 16 17 18 19 20 21 22 23 24 25 26 |
---------------+-------------------------------------------------------------------------------+-----
Fighting       | 4 6 7 8 9 10 12 13 14 15 16 17 18 19 20 21 22 23 24 25 | 25.4
Axes           | 4 5 7 9 11 12 14 15 17 18 19 20 | 20.0
Armour         | 3 4 5 6 8 9 10 11 12 13 14 15 16 17 18 19 20 21 22 23 24 25 | 25.3
Dodging        | 3 4 5 6 7 8 9 10 11 12 13 14 16 17 18 19 20 21 22 23 | 23.7
Shields        | 4 6 8 10 11 13 15 | 15.0
Evocations     | 3 5 6 9 10 12 13 14 15 16 17 18 | 18.4

Action                   |  1- 3 |  4- 6 |  7- 9 | 10-12 | 13-15 | 16-18 | 19-21 | 22-24 | 25-27 || total
-------------------------+-------+-------+-------+-------+-------+-------+-------+-------+-------++-------
Melee: Hand axe          |    79 |   247 |   268 |       |       |       |       |       |       ||   594
       Headbutt          |     8 |    26 |    76 |   154 |   278 |   343 |   484 |   561 |   474 ||  2404
       Battleaxe         |       |       |    54 |   168 |       |       |       |       |       ||   222
       War axe           |       |       |       |   269 |       |       |    81 |       |       ||   350
       Broad axe         |       |       |       |   294 |  1094 |  1286 |  1343 |  1672 |  1199 ||  6888
Invok: Berserk           |     1 |     4 |     1 |       |     2 |       |       |     1 |     2 ||    11
       Brothers in Arms  |       |       |       |     6 |    16 |    12 |    21 |    28 |    25 ||   108
       Trog's Hand       |       |       |       |       |       |       |       |       |     3 ||     3
  Use: Scroll            |       |       |     3 |     9 |    18 |    28 |     6 |    13 |    11 ||    88
       Potion            |       |       |       |     1 |     4 |     3 |     2 |     2 |    11 ||    23
 Stab: Distracted        |       |       |       |     1 |     1 |       |     4 |     7 |     5 ||    18
       Confused          |       |       |       |       |       |       |       |       |     1 ||     1
Armor: Animal skin       |    16 |       |       |       |       |       |       |       |       ||    16
       Ring mail         |       |    67 |    20 |       |       |       |       |       |       ||    87
       Leather armour    |       |     1 |       |       |       |       |       |       |       ||     1
       Chain mail        |       |       |    61 |       |       |       |       |       |       ||    61
       Plate armour      |       |       |    56 |   408 |   576 |   489 |   158 |       |       ||  1687
       Gold dragon scale |       |       |       |       |       |       |   156 |   524 |   366 ||  1046
Dodge: Dodged            |    62 |   143 |   146 |   348 |   519 |   546 |   575 |   878 |   913 ||  4130
Block: Buckler           |       |       |       |    97 |     9 |       |       |       |       ||   106
       Kite shield       |       |       |       |       |   707 |  1098 |   765 |   973 |   822 ||  4365
       Reflection        |       |       |       |       |       |    27 |       |       |       ||    27

Table legend: (Time is in decaauts)
 A = Elapsed time spent in this place.
 B = Non-inter-level travel time spent in this place.
 C = Inter-level travel time spent in this place.
 D = Time resting spent in this place.
 E = Time spent auto-exploring this place.
 F = Levels seen in this place.
 G = Mean time per level.
                   A        B        C        D        E       F      G
               +--------+--------+--------+--------+--------+-----+--------+
         Total |  89636 |  80729 |   8907 |  30675 |  35705 |  55 | 1629.7 |
       Dungeon |  20528 |  17345 |   3183 |   4099 |  10380 |  15 | 1368.5 |
        Temple |    134 |    132 |      2 |      0 |    131 |   1 |  134.0 |
          Lair |  12950 |  11033 |   1917 |   4751 |   4667 |   6 | 2158.3 |
        Shoals |   4049 |   3866 |    183 |    667 |   2372 |   4 | 1012.2 |
   Spider Nest |   7648 |   7135 |    513 |   4001 |   2061 |   4 | 1912.0 |
    Slime Pits |     21 |     21 |      0 |      0 |      0 |   1 |   21.0 |
  Orcish Mines |   2573 |   2276 |    297 |   1560 |    460 |   2 | 1286.5 |
   Elven Halls |   7665 |   7204 |    461 |   3153 |   2575 |   3 | 2555.0 |
        Vaults |   9965 |   8799 |   1166 |   2129 |   4994 |   5 | 1993.0 |
         Crypt |   4435 |   4210 |    225 |   1034 |   1961 |   3 | 1478.3 |
          Tomb |   1567 |   1523 |     44 |    871 |    326 |   1 | 1567.0 |
        Depths |  14198 |  13324 |    874 |   6417 |   4571 |   5 | 2839.6 |
           Zot |   1342 |   1304 |     38 |    550 |    364 |   3 |  447.3 |
        Bazaar |    126 |    126 |      0 |      0 |    121 |   1 |  126.0 |
         Sewer |   2428 |   2428 |      0 |   1441 |    718 |   1 | 2428.0 |
               +--------+--------+--------+--------+--------+-----+--------+

Top non-repeatable levels by time:
  Lair:6: 3851 daAuts
   Elf:1: 3573 daAuts
Depths:2: 3515 daAuts
Depths:3: 3305 daAuts
Depths:5: 2744 daAuts
Spider:4: 2632 daAuts
Spider:1: 2605 daAuts
Depths:4: 2595 daAuts
 Crypt:3: 2491 daAuts
Vaults:4: 2457 daAuts
   Sewer: 2428 daAuts
  Lair:3: 2384 daAuts
    D:13: 2381 daAuts
    D:11: 2224 daAuts
   Elf:3: 2176 daAuts
